 Dungeon Crawl Stone Soup version 0.21.1-1-g345015f (webtiles) character file.

399 Fang the Chopper (level 6, -11/58 HPs)
             Began as a Gargoyle Berserker on June 7, 2018.
             Was a Priest of Trog.
             Mangled by a gnoll
             ... wielding a +0 halberd
              (13 damage)
             ... on level 5 of the Dungeon.
             The game lasted 00:05:15 (3084 turns).

Fang the Chopper (Gargoyle Berserker)               Turns: 3084, Time: 00:05:16

Health: -11/58     AC:  8    Str: 27    XL:     6   Next: 84%
Magic:  0/6        EV: 12    Int:  8    God:    Trog [***...]
Gold:   242        SH:  0    Dex:  9    Spells: 5/5 levels left

rFire    . . .     SeeInvis .   a - +0 hand axe
rCold    + . .     Gourm    .   (no shield)
rNeg     + . .     Faith    .   b - +0 animal skin
rPois    ∞         Spirit   +   (no helmet)
rElec    +         Reflect  .   (no cloak)
rCorr    .         Harm     .   (no gloves)
MR       .....                  e - +1 pair of boots
Stlth    ..........             n - amulet of guardian spirit
HPRegen  0.19/turn              i - ring of protection from cold
MPRegen  0.10/turn              (no ring)

@: berserking, very quick
A: negative energy resistance 1, electricity resistance, unbreathing,
petrification resistance, rot immunity, AC +4
a: Berserk, Trog's Hand, Burn Spellbooks, Renounce Religion


You were on level 5 of the Dungeon.
You worshipped Trog.
Trog was most pleased with you.
You were near starving.

You visited 1 branch of the dungeon, and saw 5 of its levels.

You collected 242 gold pieces.

Inventory:

Hand Weapons
 a - a +0 hand axe (weapon)
Armour
 b - a +0 animal skin (worn)
 e - a +1 pair of boots (worn)
Jewellery
 i - a ring of protection from cold (left hand)
 n - an amulet of guardian spirit (around neck)
 r - an uncursed amulet of magic regeneration
 s - an uncursed amulet of regeneration
 t - an uncursed amulet of the gourmand
 C - an uncursed ring of magical power {unknown}
Wands
 A - a wand of clouds (5)
 B - a wand of digging (15)
Scrolls
 d - 2 scrolls of random uselessness {unknown}
 h - 3 scrolls of remove curse {unknown}
 j - 2 scrolls of amnesia {unknown}
 k - 2 scrolls of fog {unknown}
 l - 4 scrolls of identify {unknown}
 q - a scroll of enchant weapon {unknown}
 u - a scroll of fear {unknown}
 w - 3 scrolls of teleportation {unknown}
 x - a scroll of noise {unknown}
 y - 2 scrolls of enchant armour {unknown}
 z - a scroll of immolation {unknown}
Potions
 f - a potion of haste {unknown}
 g - a potion of cancellation {unknown}
 m - a potion of lignification {unknown}
 o - a potion of brilliance {unknown}
 p - a potion of might {unknown}
 v - a potion of magic {unknown}
Comestibles
 c - 4 rations


   Skills:
 + Level 4.5 Fighting
 + Level 5.4 Axes
 + Level 2.3 Armour
 + Level 2.9 Dodging
 + Level 0.8 Stealth


You had 5 spell levels left.
You didn't know any spells.

Dungeon Overview and Level Annotations

Branches:
Dungeon (5/15)
 Temple: D:4-7

Altars:
Fedhas


Innate Abilities, Weirdness & Mutations

You are resistant to torment.
Your stone body is resilient. (AC +4)
You are immune to poison.
You resist negative energy. (rN+)
You are resistant to electric shocks. (rElec)
You can survive without breathing.
You are immune to petrification.
You are immune to rotting.


Message History

The gnoll is moderately wounded.
Unknown command.
You hit the gnoll.
The gnoll is severely wounded.
The gnoll hits you with a halberd!
* * * LOW HITPOINT WARNING * * *
The gnoll hits you from afar with a halberd!
* * * LOW HITPOINT WARNING * * *
Unknown command.
You slash the gnoll!
You kill the gnoll!
Trog accepts your kill.
Unknown command.
You slash the quokka!
You kill the quokka!
Trog accepts your kill. The gnoll misses you.
Unknown command.
The scorpion closely misses you. The gnoll hits you with a halberd!
You die...

#######.##.#.#
#.##.#. #.##.. ##
#.#..###.#
#.#...#.#
#.#..#>##
#.......#
#.....#)#########?
#.....#...@s......
#.....#.###g.####.
##......# .....
######## #......
######


You could see a scorpion and a gnoll.

Vanquished Creatures
  An ogre (D:4)
  2 orc priests (D:3)
  An orc wizard (D:3)
  Ijyb (D:3)
  A worker ant (D:4)
  A hound skeleton (D:4)
  2 gnolls (D:5)
  4 adders
  An ooze (D:1)
  An adder skeleton (D:4)
  2 worms (D:2)
  A dart slug (D:1)
  4 leopard geckos
  11 orcs
  4 bats
  2 giant cockroaches
  8 goblins
  6 hobgoblins
  10 jackals
  3 quokkas
  8 frilled lizards
  A jackal skeleton (D:4)
  9 kobolds
  A leopard gecko skeleton (D:4)
  3 rats
88 creatures vanquished.

Notes
Turn   | Place    | Note
-------+----------+-------------------------------------------
     0 | D:1      | Fang the Gargoyle Berserker began the quest for the Orb.
     0 | D:1      | Reached XP level 1. HP: 14/14 MP: 1/1
     1 | D:1      | Noticed an electric eel
    51 | D:1      | Reached XP level 2. HP: 8/19 MP: 2/2
   355 | D:1      | Reached skill level 3 in Axes
   578 | D:1      | Reached XP level 3. HP: 21/24 MP: 3/3
   751 | D:2      | Reached ** piety under Trog
  1074 | D:2      | Reached XP level 4. HP: 21/29 MP: 2/4
  1483 | D:3      | Reached skill level 4 in Axes
  1515 | D:3      | Reached *** piety under Trog
  1515 | D:3      | Reached XP level 5. HP: 30/33 MP: 5/5
  1739 | D:3      | Noticed Ijyb
  1756 | D:3      | Killed Ijyb
  2045 | D:4      | Noticed an ogre
  2054 | D:4      | Killed an ogre
  2054 | D:4      | Reached skill level 5 in Axes
  2054 | D:4      | Reached XP level 6. HP: 39/39 MP: 6/6
  2328 | D:4      | Found a blossoming altar of Fedhas.
  3037 | D:5      | Entered Level 5 of the Dungeon
  3081 | D:5      | HP: 2/58 [gnoll/halberd (5)]
  3084 | D:5      | Mangled by a gnoll

Skill      XL: |  1  2  3  4  5 |
---------------+----------------+-----
Axes           | 3 4 5 |  5.4
Fighting       | 4 |  4.5
Dodging        | 2 |  2.9
Armour         | |  2.3
Stealth        | |  0.8

Action                   |  1- 3 |  4- 6 || total
-------------------------+-------+-------++-------
Melee: Hand axe          |   132 |   213 ||   345
Invok: Berserk           |       |     5 ||     5
  Eat: Chunk             |       |    10 ||    10
Armor: Animal skin       |    71 |    95 ||   166
Dodge: Dodged            |    91 |   160 ||   251
